 Dungeon Crawl Stone Soup version 0.28.0-53-g5a82cb258f (webtiles) character file.

Game seed: 16995208636447259778

825 gustavpezka the Ruffian (level 7, -10/71 HPs)
             Began as a Troll Monk on July 27, 2022.
             Mangled by an orc warrior
             ... wielding a +0 trident
              (12 damage)
             ... on level 6 of the Dungeon.
             The game lasted 00:11:54 (4197 turns).

gustavpezka the Ruffian (Troll Monk)                Turns: 4197, Time: 00:11:54

Health: -10/71     AC:  4    Str: 22    XL:     7   Next: 64%
Magic:  6/6        EV: 11    Int:  6    God:
Gold:   283        SH:  0    Dex: 12    Spells: 6/6 levels left

rFire   . . .      SeeInvis .     - Unarmed
rCold   . . .      Faith    .   (no shield)
rNeg    . . .      Spirit   .   a - +0 robe
rPois   .          Reflect  .   (helmet restricted)
rElec   .          Harm     .   (no cloak)
rCorr   .          Rampage  .   (gloves unavailable)
Will    .....                   (boots unavailable)
Stlth   ++........              (no amulet)
HPRegen 1.01/turn               (no ring)
MPRegen 0.10/turn               (no ring)

@: no status effects
A: large, unfitting armour, claws 3, regeneration 1, shaggy fur 1, tough skin 1
a: no special abilities


You were on level 6 of the Dungeon.
You visited 2 branches of the dungeon, and saw 7 of its levels.

You collected 283 gold pieces.

Inventory:

Hand Weapons
 v - a +4 mace
Armour
 a - a +0 robe (worn)
Wands
 i - a wand of flame (21)
 w - a wand of acid (11)
Scrolls
 c - 2 scrolls of immolation {unknown}
 d - 2 scrolls of vulnerability {unknown}
 g - 3 scrolls of silence {unknown}
 h - 2 scrolls of blinking {unknown}
 l - a scroll of holy word {unknown}
 m - a scroll of fog {unknown}
 o - 4 scrolls of enchant armour {unknown}
 p - 2 scrolls of teleportation {unknown}
 q - a scroll of torment {unknown}
 r - 2 scrolls of amnesia {unknown}
 t - 4 scrolls of identify {unknown}
Potions
 b - a potion of heal wounds {unknown}
 e - a potion of flight {unknown}
 f - 2 potions of might {unknown}
 j - 3 potions of curing {unknown}
 k - a potion of magic {unknown}
 n - a potion of attraction {unknown}
 s - a potion of ambrosia {unknown}
 u - a potion of brilliance {unknown}


   Skills:
 + Level 4.3 Fighting
 + Level 4.4 Dodging
 - Level 1.0 Stealth
 + Level 6.6 Unarmed Combat


You had 6 spell levels left.
You didn't know any spells.
Your spell library contained the following spells:

 Spells                   Type           Power      Damage    Failure   Level
 Animate Skeleton         Necr           0%         N/A       45%         1
 Pain                     Necr           0%         1d4       45%         1
 Slow                     Hex            0%         N/A       45%         1
 Blink                    Tloc           0%         N/A       58%         2
 Ensorcelled Hibernation  Hex/Ice        0%         N/A       58%         2
 Lesser Beckoning         Tloc           0%         N/A       83%         3
 Spider Form              Tmut/Pois      0%         N/A       83%         3
 Vampiric Draining        Necr           0%         2d6       83%         3
 Anguish                  Hex/Necr       0%         N/A       99%         4
 Manifold Assault         Tloc           0%         N/A       100%        5


Dungeon Overview and Level Annotations

Branches:
Dungeon (6/15)             Temple (1/1) D:5

Altars:
Ashenzari
Cheibriados
Dithmenos
Elyvilon
Fedhas
Gozag
Hepliaklqana
Kikubaaqudgha
Makhleb
Nemelex Xobeh
Okawaru
Qazlal
Ru
Sif Muna
Trog
Uskayaw
Vehumet
Wu Jian
Xom
Yredelemnul
Zin
The Shining One

Shops:
D:5 (


Innate Abilities, Weirdness & Mutations

You are too large for most types of armour.
You have claws for hands.
Your natural rate of healing is unusually fast.
You are covered in fur. (AC +1)
You have tough skin. (AC +1)


Message History

You are poisoned.
The adder poisons you!
You barely miss the adder.
The adder is lightly wounded.
You feel sick. The adder bites you.
The orc warrior hits you from afar with a +0 trident!!
You miss the adder.
The adder is lightly wounded.
You feel sick. The adder bites you. The orc warrior closely misses you.
You mangle the adder!!
You kill the adder!
The orc warrior barely misses you.
You feel sick. The orc warrior barely misses you.
You closely miss the orc warrior.
You feel sick.
The orc warrior hits you with a +0 trident!
You are too injured to fight recklessly!
You are too injured to fight recklessly!
You are too injured to fight recklessly!
You are too injured to fight recklessly!
You are too injured to fight recklessly!
You scratch the orc warrior.
The orc warrior is lightly wounded.
You feel sick.
The orc warrior hits you with a +0 trident!
You claw the orc warrior!
The orc warrior is heavily wounded.
You feel sick.
You are no longer poisoned.
You closely miss the orc warrior.
The orc warrior is heavily wounded.
The orc warrior hits you with a +0 trident!
* * * LOW HITPOINT WARNING * * *
You barely miss the orc warrior.
The orc warrior is heavily wounded.
The orc warrior hits you with a +0 trident!
* * * LOW HITPOINT WARNING * * *
You claw the orc warrior!
The orc warrior is severely wounded.
The orc warrior hits you with a +0 trident!
You die...

#### #######
##...##.......
##....†<....##
#..!..@........
#....o.......##
#............#
##..!.......##
##...##...##
#### ####


You could see an orc warrior.

Vanquished Creatures
  Prince Ribbit (D:5)
  A sky beast (D:5)
  An ogre (D:4)
  A phantom (D:5)
  A scorpion (D:5)
  A hound (D:5)
  A centaur skeleton (D:4)
  Jessica (D:2)
  2 hound skeletons
  3 gnolls (D:3)
  7 adders
  2 white imps (D:5)
  An adder skeleton (D:4)
  2 worms
  5 dart slugs
  7 orcs
  8 ball pythons
  7 bats
  4 endoplasms
  3 giant cockroaches (D:3)
  10 goblins
  5 hobgoblins
  4 jackals (D:4)
  3 quokkas
  7 frilled lizards
  9 kobolds
  5 rats
102 creatures vanquished.

Notes
Turn   | Place    | Note
-------+----------+-------------------------------------------
     0 | D:1      | gustavpezka the Troll Monk began the quest for the Orb.
     0 | D:1      | Reached XP level 1. HP: 22/22 MP: 0/0
   115 | D:1      | Found a faded altar of an unknown god.
   202 | D:1      | Reached XP level 2. HP: 29/29 MP: 1/1
   429 | D:1      | Reached skill level 4 in Unarmed Combat
   831 | D:2      | Reached XP level 3. HP: 33/36 MP: 2/2
  1095 | D:2      | Noticed Jessica
  1100 | D:2      | Killed Jessica
  1101 | D:2      | Reached XP level 4. HP: 42/44 MP: 3/3
  1107 | D:2      | Got Jessica's Handbook of Execration
  1175 | D:2      | Reached skill level 5 in Unarmed Combat
  1804 | D:3      | Reached XP level 5. HP: 50/50 MP: 4/4
  2599 | D:4      | Noticed an ogre
  2604 | D:4      | Killed an ogre
  2605 | D:4      | Reached XP level 6. HP: 37/61 MP: 5/5
  2633 | D:4      | Found an ancient bone altar of Kikubaaqudgha.
  3039 | D:5      | Entered Level 5 of the Dungeon
  3051 | D:5      | Found a staircase to the Ecumenical Temple.
  3067 | D:5      | Noticed a sky beast
  3073 | D:5      | Killed a sky beast
  3114 | D:5      | Reached skill level 6 in Unarmed Combat
  3165 | D:5      | Reached XP level 7. HP: 61/68 MP: 6/6
  3284 | D:5      | Noticed Prince Ribbit
  3301 | D:5      | Killed Prince Ribbit
  3749 | D:5      | Found Wempotiff's Antique Weapon Boutique.
  3812 | Temple   | Entered the Ecumenical Temple
  4196 | D:6      | HP: 1/71 [orc warrior/+0 trident (7)]
  4197 | D:6      | Mangled by an orc warrior

Illustrated notes

Levels and vault maps discovered:
D:1:      beargit_arrival_greenhouse, layout_basic,
          shapermc_ecumenical_altar_totnotflames
D:2:      minmay_razor_zed, layout_rooms, kennysheep_jessica_study
D:3:      layout_basic
D:4:      layout_rooms, lemuel_round_altar
D:5:      layout_basic, minmay_temple_entry_ruins, serial_shops, shop,
          minmay_strange_pillars, uniq_prince_ribbit1
D:6:      layout_rooms, uniq_crazy_yiuf_cottage, uniq_menkaure
Temple:   regret_index_temple_sigil_plot

Skill      XL: |  1  2  3  4  5  6  7 |
---------------+----------------------+-----
Unarmed Combat | 4 5 6 |  6.6
Fighting       | 3 4 |  4.3
Dodging        | 3 4 |  4.4
Stealth        | |  1.0

Action                   |  1- 3 |  4- 6 |  7- 9 || total
-------------------------+-------+-------+-------++-------
Melee: Unarmed           |    85 |   148 |    46 ||   279
       Punch             |     3 |     2 |     1 ||     6
 Stab: Sleeping          |     1 |     3 |       ||     4
Armor: Robe              |    24 |    44 |     7 ||    75
Dodge: Dodged            |    50 |    68 |    24 ||   142
